 Dungeon Crawl Stone Soup version 0.23-a0-171-g5ae17c6 (webtiles) character file.

38 Ijustatesigmund the Chopper (level 3, 0/24 HPs)
             Began as an Octopode Gladiator on Sept 14, 2018.
             Slain by an adder (3 damage)
             ... on level 2 of the Dungeon.
             The game lasted 00:01:51 (780 turns).

Ijustatesigmund the Chopper (Octopode Gladiator)     Turns: 780, Time: 00:01:52

Health: 0/24       AC:  1    Str: 13    XL:     3   Next: 43%
Magic:  3/3        EV: 14    Int: 10    God:
Gold:   78         SH:  0    Dex: 14    Spells: 2/2 levels left

rFire    . . .     SeeInvis .   a - +0 war axe
rCold    . . .     Gourm    .   (no shield)
rNeg     . . .     Faith    .   b - +0 hat
rPois    .         Spirit   .   (no amulet)
rElec    .         Reflect  .   (no ring)
rCorr    .         Harm     .   (no ring)
MR       .....                  (no ring)
Stlth    ++........             (no ring)
HPRegen  0.08/turn              (no ring)
MPRegen  0.08/turn              (no ring)
                                (no ring)
                                (no ring)

@: lethally poisoned (0 -> -4)
A: almost no armour, stealthy swim, amphibious, 8 rings, constrict 8, camouflage
1, gelatinous body 1
a: no special abilities


You were on level 2 of the Dungeon.
You were not hungry.

You visited 1 branch of the dungeon, and saw 2 of its levels.

You collected 78 gold pieces.

Inventory:

Hand Weapons
 a - a +0 war axe (weapon)
Missiles
 c - a throwing net (quivered)
 h - 2 needles of sleeping
Armour
 b - a +0 hat (worn)
Scrolls
 e - 4 scrolls of identify
Comestibles
 d - 2 rations


   Skills:
 - Level 2.0 Fighting
 + Level 4.4 Axes
 - Level 2.0 Throwing
 - Level 3.0 Dodging


You had 2 spell levels left.
You didn't know any spells.
Your spell library was empty.

Dungeon Overview and Level Annotations

Branches:
Dungeon (2/15)

Altars:
Nemelex Xobeh

Annotations:
D:2 Jessica


Innate Abilities, Weirdness & Mutations

You cannot wear most types of armour.
You are very stealthy in the water. (Stealth+)
You are amphibious.
You can wear up to eight rings at the same time.
You can use your tentacles to constrict eight enemies at once.
Your skin changes colour to match your surroundings (Stealth+).
Your rubbery body absorbs attacks. (AC +1, EV +1)


Message History

You feel sick.
* * * LOW HITPOINT WARNING * * *
You feel sick.
As you read the scroll labeled QEN LOPNICUR, it crumbles to dust.
The dust glows dark red!
It was a scroll of random uselessness.
The giant cockroach closely misses you. x2
You barely miss the giant cockroach. Your grab misses the giant cockroach.
You squeeze the giant cockroach.
You kill the giant cockroach!
* * * LOW HITPOINT WARNING * * *
You feel sick. The adder misses you.
You don't have any unidentified items.
Unknown command.
You aren't carrying any potions.
You barely miss the adder. Your grab misses the adder.
The adder closely misses you. x2
You barely miss the adder. Your grab misses the adder.
* * * LOW HITPOINT WARNING * * *
You feel sick. The adder bites you.
You die...

##########.#.#
#.#.# #.#.# #.#.#
#######.#.#
#.........#
#.######.## #.#
#.# #@# #.# #S#
#.# #r# #.# #@#
#.# # ######.# #.#
##.#......######.#
.......@.........#
..........########
..#.#....#


You could see an adder, Jessica and a quokka.

Vanquished Creatures
  An adder (D:2)
  A leopard gecko (D:1)
  2 giant cockroaches
  3 goblins
  2 hobgoblins (D:1)
  8 bats
  2 frilled lizards
  3 kobolds (D:1)
  5 rats (D:1)
27 creatures vanquished.

Notes
Turn   | Place    | Note
-------+----------+-------------------------------------------
     0 | D:1      | Ijustatesigmund the Octopode Gladiator began the quest for
                  | the Orb.
     0 | D:1      | Reached XP level 1. HP: 14/14 MP: 1/1
    53 | D:1      | Reached XP level 2. HP: 8/19 MP: 2/2
   415 | D:1      | Reached skill level 4 in Axes
   438 | D:1      | Found a sparkling altar of Nemelex Xobeh.
   440 | D:1      | Reached XP level 3. HP: 24/24 MP: 3/3
   630 | D:2      | Noticed Jessica
   780 | D:2      | Slain by an adder

Vault maps used:
D:1:      mrwooster_arrival_statue, st_stairs_6, nemelex_diamond_rough_becter
D:2:      uniq_jessica

Skill      XL: |  1  2 |
---------------+-------+-----
Axes           | 4 |  4.4
Fighting       | |  2.0
Throwing       | |  2.0
Dodging        | |  3.0

Action                   || total
-------------------------++-------
Melee: War axe           ||    39
       Constrict         ||    10
       Tentacles         ||     8
Throw: Throwing net      ||     3
  Use: Scroll            ||     3
 Stab: Sleeping          ||     5
Dodge: Dodged            ||    41

Table legend:
 A = Non-vault XP
 B = Vault XP
 C = Vault XP percentage of total XP
 D = Non-vault monster count
 E = Vault monster count
 F = Vault count percentage of total count
                 A         B        C        D         E       F
            +---------+---------+-------+---------+---------+-------
      Total |      53 |       2 |   3.6 |      26 |       1 |   3.7
            +---------+---------+-------+---------+---------+-------
        D:1 |      33 |       2 |   5.7 |      21 |       1 |   4.5
        D:2 |      20 |       0 |   0.0 |       5 |       0 |   0.0
            +---------+---------+-------+---------+---------+-------
